cohdb
Replays
Latest Replays
All Replays
Popular Replays
Top Player Replays
Match Explorer
How It Works
Community
CoH3 Stats
Reddit
Sign in to upload your games and track your stats! →
Sign in with Steam
Match 46578738
Unlisted
Match 46578738
Overview
Messages
Build Orders
End
Selects Airborne Battlegroup
Selects Airborne Battlegroup
Selects Pathfinders
Construct Weapon Support Center
Pathfinder Squad
M1919 Machine Gun Team
Pathfinder Squad
Pathfinder Squad
Pathfinder Squad
Selects Paratrooper Squad Paradrop
Paratrooper Squad Paradrop
Improved M9 Bazooka Rockets
Infantry Support Center
Construct Medical Station
Paratrooper Squad Paradrop
Construct Motor Pool
Sad Pepe
Doc Holliday
0
0
Comments
sign in to comment!
No comments posted yet!